 Dungeon Crawl Stone Soup version 0.20.1-1-g8b1a95d (webtiles) character file.

312 Fisto the Chiller (level 6, -2/43 HPs)
             Began as a Vampire Ice Elementalist on Nov 13, 2017.
             Was an Initiate of Gozag.
             Slain by a wight
             ... wielding a cursed +3 hand axe
              (7 damage)
             ... on level 6 of the Dungeon.
             The game lasted 00:40:04 (5067 turns).

Fisto the Chiller (Vampire Ice Elementalist)        Turns: 5067, Time: 00:40:04

Health: -2/43      AC:  4    Str:  6    XL:     6   Next: 18%
Magic:  10/10      EV: 12    Int: 19    God:    Gozag
Gold:   270        SH:  0    Dex: 14    Spells: 2/10 levels left

rFire    + . .     SeeInvis +   d - +0 spear (freeze)
rCold    + + .     Gourm    .   (no shield)
rNeg     + + +     Faith    .   o - +1 leather armour {rN+}
rPois    ∞         Spirit   .   (no helmet)
rElec    .         Reflect  .   (no cloak)
rCorr    .         Harm     .   (no gloves)
MR       .....                  (no boots)
Stlth    ++++......             (no amulet)
Regen    0.0/turn               j - ring of positive energy
MPRegen  0.2/turn               (no ring)

@: bloodless, non-regenerating
A: fangs 3, see invisible, fire resistance 1, weak 1, unbreathing
a: Bat Form, Potion Petition, Call Merchant, Bribe Branch, Renounce Religion


You were on level 6 of the Dungeon.
You worshipped Gozag.
Gozag was aware of your devotion.
You were bloodless.

You visited 1 branch of the dungeon, and saw 7 of its levels.

You collected 286 gold pieces.
You paid 16 gold pieces to Gozag.

Inventory:

Hand Weapons
 c - a cursed -3 falchion
 d - a +0 spear of freezing (weapon)
 q - a +0 battleaxe
Missiles
 n - 6 curare-tipped needles
Armour
 o - a +1 leather armour of positive energy (worn)
Jewellery
 j - a ring of positive energy (left hand)
Scrolls
 a - a scroll of amnesia {unknown}
 f - 2 scrolls of teleportation
 g - 2 scrolls of fog
 h - a scroll of blinking {unknown}
 l - a scroll of recharging {unknown}
 p - 2 scrolls of noise {unknown}
Books
 b - a book of Frost

   Spells                             Type                      Level
   a - Freeze                         Ice                          1
   b - Throw Frost                    Conjuration/Ice              2
   c - Ozocubu's Armour               Charms/Ice                   3
   d - Throw Icicle                   Conjuration/Ice              4
   e - Summon Ice Beast               Ice/Summoning                4
 r - a book of Summonings

   Spells                             Type                      Level
   a - Recall                         Summoning/Translocation      3
   b - Aura of Abjuration             Summoning                    5
   c - Summon Demon                   Summoning                    5
   d - Summon Forest                  Summoning/Translocation      5
   e - Summon Mana Viper              Hexes/Summoning              5
   f - Shadow Creatures               Summoning                    6


   Skills:
 + Level 1.0 Fighting
 + Level 2.3 Polearms
 + Level 1.3 Armour
 + Level 2.7 Dodging
 + Level 4.4 Stealth
 + Level 2.9 Spellcasting
 + Level 0.6 Conjurations
 + Level 0.2 Charms
 + Level 4.4 Ice Magic


You had 2 spell levels left.
You knew the following spells:

 Your Spells              Type           Power        Failure   Level  Hunger
a - Freeze                Ice            ###.         3%          1    None
b - Ozocubu's Armour      Chrm/Ice       ##......     26%         3    ###....
c - Throw Icicle          Conj/Ice       ##......     63%         4    ####...


Dungeon Overview and Level Annotations

Branches:
Dungeon (7/15)
 Temple: D:4-7

Altars:
Gozag
Kikubaaqudgha
Qazlal
Ru
Sif Muna

Annotations:
D:3 Sigmund, Terence
D:6 Fisto's ghost, amateur SpWr


Innate Abilities, Weirdness & Mutations

You do not heal naturally.
You are immune to poison.
You have razor-sharp teeth.
You have supernaturally acute eyesight. (SInv)
You can survive without breathing.
Your flesh is heat resistant. (rF+)
You are weak. (Str -2)


Message History

You barely miss the orc. You bite the orc, but do no damage. The orc hits you.
* * * LOW HITPOINT WARNING * * *
You aren't carrying any potions.
As you read the scroll of teleportation, it crumbles to dust.
You feel strangely unstable. The orc closely misses you.
Your surroundings suddenly seem different.
Your magical contamination has completely faded away.
There is a stone staircase leading down here.
You open the door.
An orc comes into view. It is wielding a flail.
A giant cockroach zombie comes into view.
A water moccasin skeleton comes into view.
There is a stone staircase leading down here.
You climb downwards.
Level annotation: Fisto's ghost, amateur SpWr The wight barely misses you.
There is a stone staircase leading up here.
The wight hits you with an enchanted hand axe!
You die...
Your body crumbles into a pile of gold.

...... #...........###....
.....h #.....##...........
...?.. #.................#
......####.................#
...#.......................#
.............####...........
.............# #######.....
.............##########.....
###........@....##...a$.....
#.......<.z<..##..........
#.................%.......
#...#######'#######.#.....
#... #.# #.#..... #..%
#####.##### #.z..... ###.#.
#...'.'...# #..z.... ...#
#.###.###.# #...z... .....
#.# #.# #.# #.......


You could see a wight.

Vanquished Creatures
  Blork the orc (D:3)
  2 bullfrogs (D:7)
  A crimson imp (D:4)
  A worker ant zombie (D:5)
  3 adders
  A dart slug (D:1)
  A leopard gecko (D:1)
  An orc (D:5)
  11 bats
  4 giant cockroaches
  5 hobgoblins
  5 jackals
  A kobold (D:1)
  A quokka (D:5)
  A frilled lizard (D:2)
  3 goblins
  7 rats
49 creatures vanquished.

Vanquished Creatures (others)
  A human (D:2)
1 creature vanquished.

Grand Total: 50 creatures vanquished

Notes
Turn   | Place    | Note
-------+----------+-------------------------------------------
     0 | D:1      | Fisto the Vampire Ice Elementalist began the quest for the Orb.
     0 | D:1      | Reached XP level 1. HP: 13/13 MP: 3/3
   657 | D:1      | Reached XP level 2. HP: 15/19 MP: 5/5
   862 | D:2      | Found a sacrificial altar of Ru.
   913 | D:2      | Found a stormy altar of Qazlal.
   946 | D:2      | Found an ancient bone altar of Kikubaaqudgha.
   948 | D:2      | Noticed a human
   949 | D:2      | Killed a human
  1090 | D:2      | Reached XP level 3. HP: 13/24 MP: 3/6
  1323 | D:2      | Learned a level 3 spell: Ozocubu's Armour
  1476 | D:2      | Found an opulent altar of Gozag.
  1518 | D:2      | Became a worshipper of Gozag Ym Sagoz the Greedy
  1882 | D:3      | Reached skill level 1 in Polearms
  2121 | D:3      | Noticed Sigmund
  2339 | D:3      | Reached XP level 4. HP: 22/31 MP: 5/7
  2562 | D:3      | Noticed Terence
  2669 | D:3      | Noticed Blork the orc
  2679 | D:3      | Found a deep blue altar of Sif Muna.
  2713 | D:3      | Killed Blork the orc
  2713 | D:3      | Reached XP level 5. HP: 15/36 MP: 7/9
  3106 | D:4      | Gained mutation: You have a pair of small antennae on your head. [potion of mutation]
  3106 | D:4      | Gained mutation: You have a pair of antennae on your head. [potion of mutation]
  3120 | D:4      | Noticed a sky beast
  3151 | D:4      | Learned a level 4 spell: Throw Icicle
  3164 | D:4      | Reached skill level 1 in Armour
  3223 | D:4      | You fall through a shaft for 3 floors!
  3657 | D:7      | Reached skill level 1 in Fighting
  3657 | D:7      | Reached XP level 6. HP: 34/43 MP: 8/10
  3772 | D:7      | Noticed a hippogriff
  4022 | D:6      | Noticed Fisto's ghost (amateur SpWr)
  4450 | D:5      | Entered Level 5 of the Dungeon
  4664 | D:5      | Lost mutation: You have a pair of antennae on your head. [potion of mutation]
  4664 | D:5      | Gained mutation: You have sharp toenails. [potion of mutation]
  4664 | D:5      | Gained mutation: Your muscles are strong. (Str +2) [potion of mutation]
  4664 | D:5      | Gained mutation: You can translocate small distances at will. [potion of mutation]
  4666 | D:5      | Lost mutation: You have a pair of small antennae on your head. [potion of mutation]
  4666 | D:5      | Lost mutation: Your muscles are strong. (Str +2) [potion of mutation]
  4666 | D:5      | Lost mutation: You have sharp toenails. [potion of mutation]
  4666 | D:5      | Lost mutation: You can translocate small distances at will. [potion of mutation]
  4666 | D:5      | Gained mutation: You are weak. (Str -2) [potion of mutation]
  4666 | D:5      | Gained mutation: Your flesh is heat resistant. (rF+) [potion of mutation]
  5067 | D:6      | Slain by a wight

Skill      XL: |  1  2  3  4  5 |
---------------+----------------+-----
Polearms       | 1 2 |  2.3
Ice Magic      | 4 |  4.4
Armour         | 1 |  1.3
Fighting       | 1 |  1.0
Stealth        | 4 |  4.4
Dodging        | |  2.7
Spellcasting   | |  2.9
Conjurations   | |  0.6
Charms         | |  0.2

Action                   |  1- 3 |  4- 6 || total
-------------------------+-------+-------++-------
Melee: Spear             |   100 |    87 ||   187
       Bite              |     7 |     7 ||    14
 Cast: Freeze            |    23 |     9 ||    32
       Ozocubu's Armour  |       |     2 ||     2
Invok: Potion Petition   |       |     1 ||     1
 Abil: End Transformatio |       |     4 ||     4
       Bat Form          |       |     4 ||     4
  Use: Potion            |     2 |     9 ||    11
       Scroll            |       |     3 ||     3
 Stab: Sleeping          |    13 |     5 ||    18
       Distracted        |       |     1 ||     1
Armor: Robe              |    13 |       ||    13
       Leather armour    |     8 |    18 ||    26
Dodge: Dodged            |    64 |    42 ||   106
